 Dungeon Crawl Stone Soup version 0.27.1-34-g3ba077fa99 (webtiles) character file.

Game seed: 10677968882984291717

5373 coolio the Blocker (level 10, -3/77 HPs)
             Began as a Green Draconian Fighter on Jan 3, 2022.
             Was a Believer of the Shining One.
             Slain by a two-headed ogre (15 damage)
             ... on level 9 of the Dungeon.
             The game lasted 00:09:31 (7565 turns).

coolio the Blocker (Green Draconian Fighter)        Turns: 7565, Time: 00:09:32

Health: -3/77      AC:  7    Str: 19    XL:     10   Next: 39%
Magic:  10/10      EV: 14    Int:  8    God:    the Shining One [**....]
Gold:   107        SH: 11    Dex: 14    Spells: 9/9 levels left

rFire    . . .     SeeInvis .   x - +7 trident of Valour {speed, rPois}
rCold    . . .     Faith    .   b - +0 kite shield
rNeg     + . .     Spirit   .   (armour unavailable)
rPois    +         Reflect  .   (helmet restricted)
rElec    .         Harm     .   G - scarf {repulsion}
rCorr    +         Rampage  .   (no gloves)
Will     +....                  (no boots)
Stlth    +.........             l - amulet of regeneration
HPRegen  1.22/turn              d - ring of resist corrosion
MPRegen  0.12/turn              A - ring of willpower

@: short of breath, glowing, repel missiles
A: breathe noxious fumes, AC +7, unfitting armour, poison resistance,
cold-blooded
a: Breathe Noxious Fumes, Renounce Religion, Divine Shield


You were on level 9 of the Dungeon.
You worshipped the Shining One.
The Shining One was pleased with you.
You visited 2 branches of the dungeon, and saw 10 of its levels.

You collected 414 gold pieces.
You spent 307 gold pieces at shops.

Inventory:

Hand Weapons
 a - a +0 long sword
 x - the +7 trident of Valour (weapon) {speed, rPois}
   (You bought it in a shop on level 3 of the Dungeon)

   Attacks with this weapon are significantly faster.
   rPois:     It protects you from poison.
Missiles
 k - 3 silver javelins (quivered)
 m - a throwing net
Armour
 b - a +0 kite shield (worn)
 G - a scarf of repulsion (worn)
Jewellery
 d - a ring of resist corrosion (left hand)
 l - an amulet of regeneration (around neck)
 t - a +4 ring of protection
 y - a ring of flight
 A - a ring of willpower (right hand)
Wands
 E - a wand of flame (27)
Scrolls
 e - 4 scrolls of noise {unknown}
 f - 2 scrolls of vulnerability {unknown}
 h - a scroll of fear {unknown}
 n - 12 scrolls of identify {unknown}
 p - a scroll of magic mapping {unknown}
 q - a scroll of summoning {unknown}
 r - 2 scrolls of enchant weapon {unknown}
 s - 4 scrolls of teleportation {unknown}
 B - a scroll of amnesia {unknown}
 C - a scroll of enchant armour {unknown}
 D - 3 scrolls of fog {unknown}
Potions
 c - 3 potions of might
 g - 2 potions of brilliance {unknown}
 i - a potion of flight {unknown}
 j - a potion of berserk rage {unknown}
 o - 2 potions of curing
 u - 2 potions of ambrosia
 v - 2 potions of attraction {unknown}
 w - a potion of degeneration {unknown}
 z - 2 potions of haste {unknown}
 F - a potion of heal wounds {unknown}


   Skills:
 - Level 3.5 Fighting
 - Level 4.3 Long Blades
 * Level 7.2 Polearms
 + Level 5.1 Throwing
 * Level 8.1 Dodging
 * Level 8.9 Shields


You had 9 spell levels left.
You didn't know any spells.
Your spell library contained the following spells:

 Spells                   Type           Power      Damage    Failure   Level
 Beastly Appendage        Tmut           0%         N/A       67%         1
 Freeze                   Ice            0%         1d3       67%         1
 Slow                     Hex            0%         N/A       80%         2
 Sublimation of Blood     Necr           0%         N/A       80%         2
 Wereblood                Tmut           0%         N/A       80%         2
 Call Canine Familiar     Summ           0%         N/A       95%         3
 Confusing Touch          Hex            0%         N/A       95%         3
 Frozen Ramparts          Ice            0%         1d2       95%         3
 Portal Projectile        Hex/Tloc       0%         N/A       95%         3
 Spider Form              Tmut/Pois      0%         N/A       95%         3
 Hailstorm                Conj/Ice       0%         3d3       100%        4
 Leda's Liquefaction      Hex/Erth       0%         N/A       100%        4
 Yara's Violent Unravell  Hex/Tmut       0%         3d3       100%        5
 Summon Hydra             Summ           0%         N/A       100%        7


Dungeon Overview and Level Annotations

Branches:
Dungeon (9/15)             Temple (1/1) D:5
   Lair: D:8-11         Orc: D:9-12

Altars:
Ashenzari
Dithmenos
Elyvilon
Fedhas
Gozag
Kikubaaqudgha
Makhleb
Nemelex Xobeh
Okawaru
Ru
Trog
Uskayaw
Wu Jian
Xom
Yredelemnul
Zin
The Shining One

Shops:
D:2 (   D:3 (   D:6 [

Annotations:
D:9 2 transporters, exclusion: orange crystal statue, pkoi's ghost, novice DrAr


Innate Abilities, Weirdness & Mutations

You can breathe blasts of noxious fumes.
Your lurid green scales are hard. (AC +7)
You cannot fit into any form of body armour.
Your system is resistant to poisons. (rPois)
You are cold-blooded and may be slowed by cold attacks.


Message History

You are too injured to fight recklessly!
You are too injured to fight recklessly!
You are too injured to fight recklessly!
You are too injured to fight recklessly!
You are too injured to fight recklessly!
You are too injured to fight recklessly!
You are too injured to fight recklessly!
You are too injured to fight recklessly!
You are too injured to fight recklessly!
You are too injured to fight recklessly!
Unknown command.
You puncture the orc warrior!
The orc warrior is severely wounded.
You puncture the orc warrior!
You kill the orc warrior!
You barely miss the orc.
Press: ? - help, Shift-Dir - straight line, f - orc priest
Aim: an orc priest, wielding a +0 club (haloed)
You exhale a blast of noxious fumes.
The blast of choking fumes hits the two-headed ogre.
The two-headed ogre is lightly wounded.
The blast of choking fumes hits the orc priest.
The orc priest is moderately wounded.
The orc priest is engulfed in noxious fumes.
The orc priest appears confused.
The orc priest closely misses the orc.
The orc priest hits itself with a +0 club.
Unknown command.
The two-headed ogre is engulfed in noxious fumes.
You hit the two-headed ogre.
The two-headed ogre is lightly wounded.
The two-headed ogre hits you with a +0 giant club!
The two-headed ogre closely misses you.
You hit the two-headed ogre.
The two-headed ogre is moderately wounded.
The orc priest is engulfed in noxious fumes.
The orc priest appears confused.
The two-headed ogre hits you with a +0 giant club!!
* * * LOW HITPOINT WARNING * * *
The two-headed ogre hits you with a +0 giant club!
You die...

###### ......
....°.#### .....°○..#
.. .......○○######
... ........ooO@..#
.....
........##)##.##.....
........##.##........
.....................
.........#..#.......
###........#..#..####
#.................#
+........##.#..##..
........##..#.##..


You could see a two-headed ogre, an orc priest (confused) and an orc.

Vanquished Creatures
  A two-headed ogre (D:9)
  Pikel (D:7)
  A wyvern (D:8)
  Menkaure (D:6)
  A steam dragon (D:6)
  A water moccasin (D:6)
  4 orc warriors
  2 black bears (D:4)
  2 ice beasts
  2 sky beasts
  A necrophage (D:6)
  An ogre (D:6)
  4 centaurs
  A phantom (D:4)
  A lemure (D:7)
  2 kobold brigands
  5 scorpions
  A gnoll sergeant (D:9)
  A bullfrog (D:6)
  A wyvern skeleton (D:7)
  3 wights (D:5)
  3 howler monkeys
  An electric eel (D:6)
  4 centaur zombies
  7 hounds
  A centaur skeleton (D:6)
  3 orc priests
  6 iguanas
  A jelly (D:5)
  A bullfrog skeleton (D:4)
  11 orc wizards
  A scorpion zombie (D:5)
  2 killer bee zombies
  A hound zombie (D:5)
  2 hound skeletons
  2 howler monkey zombies
  13 gnolls
  7 adders
  A shadow imp (D:7)
  2 white imps (D:7)
  A worm (D:2)
  A dart slug (D:4)
  29 orcs
  6 endoplasms
  A giant cockroach (D:1)
  5 hobgoblins
  12 kobolds
  3 quokkas (D:1)
  6 ball pythons
  4 bats
  2 frilled lizards (D:1)
  3 goblins
  6 rats
185 creatures vanquished.

Vanquished Creatures (others)
  3 fungi
  5 plants (D:6)
8 creatures vanquished.

Grand Total: 193 creatures vanquished

Notes
Turn   | Place    | Note
-------+----------+-------------------------------------------
     0 | D:1      | coolio the Draconian Fighter began the quest for the Orb.
     0 | D:1      | Reached XP level 1. HP: 19/19 MP: 1/1
   468 | D:1      | Reached XP level 2. HP: 26/26 MP: 2/2
  1469 | D:2      | Reached XP level 3. HP: 31/31 MP: 3/3
  1537 | D:2      | Found Leosk's Antique Weapon Emporium.
  1678 | D:2      | Found a faded altar of an unknown god.
  1837 | D:2      | Reached XP level 4. HP: 27/38 MP: 4/4
  2020 | D:3      | Found a glowing silver altar of Zin.
  2253 | D:3      | Found Uhiter's Antique Weapon Shop.
  2760 | D:4      | Reached skill level 1 in Throwing
  2760 | D:4      | Reached XP level 5. HP: 32/45 MP: 5/5
  2799 | D:4      | Noticed a phantom
  2815 | D:4      | Killed a phantom
  2843 | D:4      | Found a blossoming altar of Fedhas.
  2858 | D:4      | Noticed a black bear
  2929 | D:4      | Reached XP level 6. HP: 50/51 MP: 6/6
  3284 | D:4      | Your scales start taking on a lurid green colour.
  3284 | D:4      | Reached XP level 7. HP: 57/57 MP: 7/7
  3284 | D:4      | Gained mutation: Your system is resistant to poisons.
                  | (rPois) [Green Draconian growth]
  3713 | D:3      | Bought a shimmering trident for 187 gold pieces
  3713 | D:3      | Identified the +7 trident of Valour {speed, rPois} (You
                  | bought it in a shop on level 3 of the Dungeon)
  3729 | D:5      | Entered Level 5 of the Dungeon
  3776 | D:5      | Reached skill level 5 in Shields
  3789 | D:5      | Reached skill level 1 in Polearms
  3850 | D:5      | Reached skill level 5 in Dodging
  3910 | D:5      | Found a staircase to the Ecumenical Temple.
  3956 | Temple   | Entered the Ecumenical Temple
  4206 | Temple   | Became a worshipper of the Shining One
  4324 | D:5      | Reached XP level 8. HP: 16/60 MP: 8/8
  4404 | D:5      | Found a sparkling altar of Nemelex Xobeh.
  4540 | D:5      | Found a burning altar of Makhleb.
  4912 | D:6      | Reached * piety under the Shining One
  5024 | D:6      | Reached XP level 9. HP: 68/70 MP: 9/9
  5190 | D:6      | Reached skill level 5 in Polearms
  5195 | D:6      | Found Iptal's Armour Shop.
  5475 | D:6      | Noticed Menkaure
  5478 | D:6      | Killed Menkaure
  5799 | D:7      | Noticed Pikel
  5821 | D:7      | Killed Pikel
  6246 | D:7      | Reached ** piety under the Shining One
  6514 | D:6      | Bought a scarf of repulsion for 120 gold pieces
  6669 | D:8      | Reached XP level 10. HP: 77/77 MP: 10/10
  7331 | D:9      | Noticed a two-headed ogre
  7338 | D:9      | Killed a two-headed ogre
  7405 | D:9      | Noticed pkoi's ghost (novice DrAr)
  7418 | D:9      | Found a transporter.
  7421 | D:9      | Found a transporter.
  7422 | D:9      | Noticed an orange crystal statue
  7489 | D:9      | Reached skill level 5 in Throwing
  7550 | D:9      | Noticed a two-headed ogre
  7565 | D:9      | Slain by a two-headed ogre

Illustrated notes

Levels and vault maps discovered:
D:1:      psy_arrival_dodecagon, layout_basic
D:2:      layout_rooms, serial_shops, shop,
          shapermc_ecumenical_altar_mp_ritualfount, guppyfry_early_orc_mine
D:3:      layout_loops_ring, mainiacjoe_overflow_small_starburst, serial_shops,
          nicolae_shop_statue_plus
D:4:      layout_basic, fedhas_altar_3, serial_co_window_serial,
          co_window_paths_b, co_window_paths_b, co_window_corner_a,
          co_window_corner_a, co_window_corner_a, co_window_paths_b,
          co_window_2corner, co_window_corner_b, co_window_broadway_c,
          co_window_of_opportunity_b, co_window_2corner, co_window_broadway_a,
          co_window_corner_cb, co_window_paths_e, glass_columns_a,
          glass_columns_a, glass_columns_c, st_stairs_14, minmay_box_of_dots
D:5:      layout_rooms, marbit_many_paths, makhleb_blood_cavern_becter,
          minmay_temple_entry_waves
D:6:      layout_basic, serial_shops, shop, chequers_big_river, uniq_menkaure
D:7:      layout_basic, uniq_pikel
D:8:      layout_basic, chequers_garden
D:9:      layout_irregular_city, gammafunk_temple_overflow_elements,
          gammafunk_ghost_hive, minivault_16, chequers_serial_rivers_small_b,
          hangedman_abyss_or_decor_lesser_grid
Temple:   nicolae_temple_figure_eight

Skill      XL: |  1  2  3  4  5  6  7  8  9 10 |
---------------+-------------------------------+-----
Dodging        | 3 4 5 6 7 8 |  8.1
Long Blades    | 3 4 |  4.3
Throwing       | 1 2 3 4 5 |  5.1
Shields        | 4 5 6 8 |  8.9
Polearms       | 2 4 6 7 |  7.2
Fighting       | |  3.5

Action                   |  1- 3 |  4- 6 |  7- 9 | 10-12 || total
-------------------------+-------+-------+-------+-------++-------
Melee: Long sword        |    88 |   107 |       |       ||   195
       Tailslap          |    16 |    20 |    30 |     9 ||    75
       Trident           |       |       |   317 |    99 ||   416
Throw: Javelin           |       |       |       |     3 ||     3
 Abil: Breathe Noxious F |       |       |     2 |     1 ||     3
  Use: Potion            |       |     1 |       |       ||     1
 Stab: Sleeping          |       |     1 |       |       ||     1
Armor: Skin              |    36 |    29 |    47 |    12 ||   124
Dodge: Dodged            |    38 |    65 |    89 |    45 ||   237
Block: Kite shield       |    54 |    67 |    99 |    51 ||   271
       Rpst.: Long sword |    11 |    11 |       |       ||    22
